Map: 10000 Feet LE

Players

wStephan

  • Race: Protoss Protoss
  • League: Master
  • Spawn Location: 11:00

KampfHeld - Winner!

  • Race: Terran Terran
  • League: Master
  • Spawn Location: 5:00

VOD

Have the link to the VOD?

Description

Time

  • Played on: May 30, 2026, 10:45 a.m.
  • Length: 11:16
Show
View Real Time Build Order
Export as new Build Order

wStephan Protoss 

Build Orders: 1 Gate Expand, Phoenix Opening, Dark Templar Rush 

Get SALT Encoding   

  12  0:00  Probe  
  13  0:12  Probe  
  14  0:17  Pylon  
  14  0:24  Probe  
  15  0:35  Gateway  
  15  0:36  Probe  
  16  0:44  Probe, Assimilator  
  17  0:52  Probe  
  18  1:05  Probe  
  19  1:18  Nexus  
  19  1:29  Cybernetics Core  
  19  1:32  Probe  
  20  1:39  Assimilator  
  20  1:44  Probe  
  21  1:55  Pylon  
  21  1:56  Probe  
  21  2:01  Stalker  
  22  2:02  Warp Gate  
  22  2:14  Probe  
  25  2:27  Probe  
  25  2:29  Sentry  
  26  2:32  Phoenix  
  26  2:34  Probe  
  29  2:39  Probe  
  29  2:42  Shield Battery  
  30  2:46  Gateway  
  30  2:48  Twilight Council  
  30  2:50  Probe  
  30  2:51  Stalker  
  33  2:59  Probe x2  
  35  3:12  Probe, Gateway  
  35  3:14  Probe  
  37  3:21  Stalker  
  39  3:30  Dark Shrine  
  39  3:37  Charge  
  39  3:39  Stalker  
  39  3:45  Pylon  
  39  3:46  Pylon  
  41  4:02  Pylon, Stalker  
  41  4:08  Stalker  
  45  4:11  Probe x2  
  47  4:17  Stalker  
  47  4:23  Probe  
  50  4:25  Probe  
  51  4:34  Nexus  
  51  4:35  Probe  
  51  4:37  Probe  
  53  4:39  Zealot  
  53  4:40  Zealot  
  56  4:46  Stalker  
  56  4:52  Probe  
  58  4:56  Probe  
  59  5:01  Shadow Stride  
  59  5:02  Zealot  
  59  5:03  Zealot  
  59  5:05  Probe  
  59  5:06  Blink  
  64  5:09  Zealot  
  66  5:14  Gateway  
  66  5:16  Probe  
  66  5:18  Probe  
  68  5:24  Zealot  
  70  5:29  Pylon  
  60  5:59  Zealot x3  
  60  6:00  Probe x2  
  62  6:23  Zealot x3  
  62  6:24  Zealot, Probe x2  
  72  6:29  Probe  
  72  6:30  Gateway  
  72  6:32  Probe  
  68  6:34  Gateway  
  68  6:36  Probe  
  68  6:37  Probe  
  71  6:40  Probe  
  71  6:42  Assimilator  
  71  6:44  Assimilator  
  73  6:47  Probe  
  73  6:48  Probe  
  73  6:49  Sentry  
  73  6:50  Robotics Facility  
  73  6:51  Probe  
  73  6:53  Gateway  
  78  6:54  Gateway  
  78  6:56  Gateway  
  78  6:59  Probe  
  78  7:00  Probe  
  80  7:01  Gateway  
  80  7:03  Probe  
  81  7:11  Probe  
  81  7:13  Probe  
  81  7:14  Zealot x3  
  89  7:15  Probe  
  88  7:23  Probe  
  88  7:25  Probe  
  88  7:28  Probe  
  85  7:38  Zealot x3  
  85  7:43  Zealot x2  
  82  7:51  Zealot x3  
  80  8:02  Zealot  
  80  8:03  Zealot x5  
  78  8:12  Zealot x3  
  77  8:17  Immortal  
  76  8:25  Zealot x3  
  76  8:26  Zealot x3  
  80  8:32  Probe x2  
  80  8:33  Probe  
  83  8:34  Robotics Bay  
  83  8:36  Zealot x2  
  83  8:37  Zealot  
  89  8:44  Probe x2  
  89  8:45  Probe  
  89  8:48  Pylon  
  92  8:49  Pylon  
  92  8:54  Pylon  
  92  8:56  Observer, Pylon  
  92  9:02  Probe  
  92  9:06  Zealot x2  
  86  9:10  Zealot x3  
  86  9:11  Zealot  
  86  9:16  Zealot x2  
  86  9:23  Zealot  
  80  9:27  Zealot  
  75  9:32  Zealot x3  
  63  9:39  Zealot x2  
  63  9:40  Colossus  
  63  9:47  Zealot x3  
  65  9:56  Zealot  
  73  10:01  Probe x2  
  75  10:15  Shield Battery  
  75  10:22  Colossus, Probe x2  
  75  10:23  Probe  
  84  10:37  Pylon  
  84  10:41  Zealot x5, Pylon  
  86  10:56  Zealot  
  79  10:57  Zealot x4  
  76  11:06  Zealot x2  
  76  11:07  Zealot x3  
Show
View Real Time Build Order
Export as new Build Order

KampfHeld Terran - Winner!

Build Orders: Reaper Expand 

Get SALT Encoding   

  12  0:00  SCV  
  13  0:12  SCV  
  14  0:17  Supply Depot  
  14  0:24  SCV  
  15  0:38  SCV  
  15  0:39  Barracks  
  16  0:45  Refinery  
  16  0:51  SCV  
  17  1:03  SCV  
  18  1:15  SCV  
  19  1:28  Orbital Command  
  19  1:29  Reaper  
  20  1:40  Command Center  
  20  1:48  Supply Depot  
  20  1:53  SCV  
  21  2:00  Marine  
  22  2:07  SCV  
  23  2:12  Factory  
  23  2:15  Refinery  
  23  2:19  SCV  
  24  2:26  Barracks  
  24  2:31  SCV  
  24  2:33  Barracks Reactor  
  25  2:44  SCV  
  26  2:56  Orbital Command  
  26  2:58  Factory Tech Lab  
  26  2:59  SCV, Starport  
  27  3:11  SCV  
  27  3:12  Marine x2  
  28  3:13  Marine  
  28  3:14  Orbital Command  
  31  3:22  Siege Tank  
  31  3:23  SCV  
  35  3:28  Supply Depot  
  35  3:30  Marine  
  35  3:31  Marine  
  35  3:33  Marine  
  38  3:35  SCV  
  38  3:40  SCV  
  40  3:45  Starport Tech Lab  
  40  3:47  SCV  
  41  3:48  Marine x2  
  41  3:51  Marine  
  41  3:52  SCV  
  45  3:56  Refinery  
  45  3:59  Engineering Bay, SCV  
  46  4:03  Supply Depot  
  46  4:05  SCV  
  46  4:08  Marine  
  48  4:11  Raven  
  50  4:20  SCV  
  50  4:21  SCV  
  52  4:26  Supply Depot  
  52  4:27  Marine  
  52  4:28  Marine  
  52  4:30  Marine  
  52  4:31  Stimpack  
  55  4:32  SCV  
  55  4:33  SCV  
  55  4:36  Terran Infantry Weapons Level 1  
  57  4:43  Factory Reactor  
  57  4:44  SCV, Marine  
  60  4:45  SCV, Marine  
  60  4:51  Missile Turret  
  60  4:56  SCV  
  60  4:58  SCV  
  60  4:59  Barracks  
  62  5:00  Missile Turret  
  62  5:03  Supply Depot  
  62  5:04  Starport Reactor  
  62  5:08  SCV  
  62  5:09  Marine x2  
  62  5:13  Marauder, SCV  
  68  5:20  Widow Mine  
  70  5:25  SCV x2, Widow Mine  
  70  5:28  Supply Depot  
  74  5:32  Supply Depot  
  74  5:33  Marine  
  74  5:34  Marine, Marauder  
  69  5:44  SCV  
  67  5:50  Marauder  
  67  5:51  SCV, Marine x2  
  67  5:52  Widow Mine x2  
  67  5:56  SCV  
  68  5:59  Marauder  
  68  6:00  Medivac  
  68  6:03  SCV  
  68  6:08  SCV  
  68  6:10  Marine  
  72  6:11  Marauder  
  72  6:12  Concussive Shells  
  72  6:15  SCV  
  70  6:20  SCV  
  70  6:23  Marine, Marauder  
  72  6:27  SCV  
  72  6:32  Medivac x2, SCV  
  77  6:36  Terran Infantry Armor Level 1  
  77  6:39  Marine, SCV  
  79  6:42  Marine  
  79  6:44  SCV  
  81  6:51  Marauder, SCV, Supply Depot  
  81  6:52  Marauder  
  86  6:56  SCV  
  86  6:59  Widow Mine x2  
  91  7:01  Marine x2  
  91  7:03  SCV  
  98  7:15  Marauder  
  98  7:16  Marauder  
  98  7:21  Command Center  
  98  7:26  Supply Depot  
  98  7:28  Marine x2  
  100  7:32  Medivac  
  102  7:43  SCV  
  102  7:48  Marauder x2, Widow Mine x2  
  104  7:55  Barracks  
  104  7:56  Marine  
  104  7:58  Barracks  
  102  8:03  Medivac  
  101  8:09  Marauder x2  
  103  8:13  Widow Mine x2  
  103  8:15  Marine  
  103  8:19  SCV  
  104  8:26  Marine  
  97  8:30  SCV  
  97  8:31  Marauder x2  
  97  8:32  Engineering Bay  
  97  8:33  Armory, Orbital Command  
  102  8:36  SCV  
  103  8:42  SCV  
  103  8:43  Barracks Reactor  
  103  8:44  Widow Mine  
  103  8:45  Refinery, Widow Mine  
  103  8:46  Barracks Tech Lab  
  109  8:48  SCV  
  109  8:53  Marauder  
  109  8:54  Marine  
  109  8:55  Marauder  
  114  9:03  Marine  
  114  9:09  Widow Mine x2, SCV  
  120  9:10  Combat Shield  
  120  9:12  Marine, Marauder  
  120  9:14  Marauder  
  125  9:22  Marine x2  
  124  9:24  Orbital Command  
  124  9:25  Marine  
  124  9:29  Marauder  
  124  9:35  Widow Mine, Marauder  
  124  9:37  Widow Mine  
  124  9:38  Marauder  
  125  9:41  Marine  
  125  9:46  Marine  
  121  9:52  Marine  
  121  9:53  Marine, Marauder  
  121  9:55  SCV x2  
  125  10:07  SCV x2, Widow Mine x2, Marauder  
  125  10:08  Supply Depot x2  
  133  10:25  Refinery, Supply Depot  
  133  10:30  Marine x3, Medivac x2, Marauder x3  
  146  10:42  Marine  
  145  10:47  Marine  
  144  10:52  Marauder x2  
  144  10:54  Marine x2  
  144  10:55  Marauder  
  142  11:04  Barracks  
  142  11:05  Barracks  
  142  11:06  Starport  
  142  11:09  Barracks  
Tags
 
Add a new tag
Caveats
  • Supply blocks, unpowered buildings, or Contaminate may cause inaccurate times.
  • Supply counts are checked every 10 seconds.